 Dungeon Crawl Stone Soup version 0.29.0-11-gd7f09526c8 (webtiles) character file.

Game seed: 7063181591657746022

86 Zeldest the Grasshopper (level 5, -10/41 HPs)
             Began as a Meteoran Warper on Sept 3, 2022.
             Mangled by an orc
             ... wielding a +1 dagger of distortion
              (24 damage)
             ... on level 2 of the Dungeon.
             The game lasted 00:02:43 (581 turns).

Zeldest the Grasshopper (Meteoran Warper)            Turns: 581, Time: 00:02:44

Health: -10/41     AC:  6    Str: 14    XL:     5   Next: 6%
Magic:  10/10      EV: 10    Int: 21    God:
Gold:   62         SH:  0    Dex: 19    Spells: 9/9 levels left

rFire   . . .      SeeInvis .     - Unarmed
rCold   . . .      Faith    .   (no shield)
rNeg    . . .      Spirit   .   g - +0 scale mail
rPois   .          Reflect  .   (no helmet)
rElec   .          Harm     .   (no cloak)
rCorr   .          Rampage  .   (no gloves)
Will    .....                   (no boots)
Stlth   ..........              (no amulet)
HPRegen 0.13/turn               d - +6 ring of intelligence
MPRegen 0.12/turn               h - +6 ring of dexterity

@: flying, glowing
A: sense surroundings 1, otherworldly, glowing, explore regen
a: no special abilities


You were on level 2 of the Dungeon.
You visited 1 branch of the dungeon, and saw 2 of its levels.

You collected 62 gold pieces.

Inventory:

Missiles
 c - 7 boomerangs of dispersal (quivered)
Armour
 a - a +0 leather armour
 g - a +0 scale mail (worn)
Jewellery
 d - a +6 ring of intelligence (left hand)
 h - a +6 ring of dexterity (right hand)
Scrolls
 b - a scroll of blinking
 i - a scroll of enchant weapon {unknown}
 j - a scroll of immolation {unknown}
 k - a scroll of teleportation {unknown}
Potions
 l - a potion of might {unknown}
 m - a potion of curing {unknown}
 n - a potion of lignification {unknown}


   Skills:
 - Level 2.1 Fighting
 - Level 1.2 Throwing
 - Level 1.2 Armour
 - Level 2.4 Dodging
 + Level 4.2 Unarmed Combat
 - Level 2.6 Spellcasting
 + Level 5.1 Translocations


You had 9 spell levels left.
You didn't know any spells.
Your spell library contained the following spells:

 Spells                   Type           Power      Damage    Failure   Level
 Blink                    Tloc           48%        N/A       11%         2
 Gell's Gravitas          Tloc           24%        N/A       22%         3
 Lesser Beckoning         Tloc           24%        N/A       22%         3
 Teleport Other           Tloc           24%        N/A       22%         3
 Manifold Assault         Tloc           24%        N/A       90%         5


Dungeon Overview and Level Annotations

Branches:
Dungeon (2/15) Zot: 626

Altars:

Shops:
D:2 ?


Innate Abilities, Weirdness & Mutations

You passively map a small area around you.
You are easily found by Zot.
You glow in the dark.
You regain HP and MP as you explore.


Message History

The orc priest is heavily wounded.
The orc priest closely misses you.
You hit the orc priest.
The orc priest is almost dead.
You barely miss the orc priest.
The orc priest is almost dead.
The orc priest hits you with a +0 dagger.
You hit the orc priest.
You kill the orc priest!
Your Unarmed Combat skill increases to level 4!
Your Translocations skill increases to level 5!
You have reached level 5!
A goblin comes into view. It is wielding a +0 dagger.
The goblin shouts!
You see here a +0 dagger.
The goblin hits you but does no damage.
You hit the goblin.
The goblin is heavily wounded.
The goblin closely misses you.
You barely miss the goblin.
The goblin is heavily wounded.
The goblin hits you but does no damage.
You hit the goblin.
You kill the goblin!
You see here a +0 dagger.
HP restored.
An orc comes into view.
It is wielding a +1 dagger of distortion.
The orc shouts!
The orc misses you.
You closely miss the orc. The orc hits you but does no damage.
Space warps horribly around you!
You hit the orc.
The orc is moderately wounded.
The orc hits you with a +1 dagger of distortion.
Space warps horribly around you!!
You hit the orc.
The orc is heavily wounded.
The orc hits you but does no damage. Space warps horribly around you!!
Ouch! That really hurt!
You die...

#.# * , , ,, ,
#.########## > , ,
#......))..# *##
##########)# ,.# #.#
.# #.# * .# #####
#.#.###.# ...)#
#)#...o.# ###.#
#.####@####
#.#######.........# *
###..............##.#
* ....#######.######*
# ###.# #.# #.# #.# *
, ##.#######.# *
#..........#
##.....####. * *


You could see an orc.

Vanquished Creatures
  An orc priest (D:2)
  2 adders (D:2)
  3 orcs (D:2)
  5 endoplasms
  2 giant cockroaches
  2 goblins
  2 hobgoblins (D:1)
  3 kobolds
  2 quokkas
  A ball python (D:1)
  3 frilled lizards
  4 rats
30 creatures vanquished.

Vanquished Creatures (collateral kills)
  A worm (D:2)
  A hobgoblin (D:2)
2 creatures vanquished.

Grand Total: 32 creatures vanquished

Notes
Turn   | Place    | Note
-------+----------+-------------------------------------------
     0 | D:1      | Zeldest the Meteoran Warper began the quest for the Orb.
     0 | D:1      | Reached XP level 1. HP: 17/17 MP: 5/5
    58 | D:1      | Reached XP level 2. HP: 18/24 MP: 6/6
    71 | D:1      | Reached skill level 4 in Translocations
   204 | D:1      | Reached XP level 3. HP: 26/29 MP: 8/8
   420 | D:2      | Reached XP level 4. HP: 11/36 MP: 9/9
   436 | D:2      | Found Tiomu's Magic Scroll Emporium.
   565 | D:2      | Reached skill level 5 in Translocations
   565 | D:2      | Reached XP level 5. HP: 31/41 MP: 10/10
   581 | D:2      | Mangled by an orc

Illustrated notes

Levels and vault maps discovered:
D:1:      sevenhm_arrival_forest_fort_small_6, layout_rooms
D:2:      layout_loops_ring, serial_shops, shop

Skill      XL: |  1  2  3  4 |
---------------+-------------+-----
Translocations | 4 5 |  5.1
Unarmed Combat | 3 4 |  4.2
Fighting       | |  2.1
Throwing       | |  1.2
Armour         | |  1.2
Dodging        | |  2.4
Spellcasting   | |  2.6

Action                   |  1- 3 |  4- 6 || total
-------------------------+-------+-------++-------
Melee: Unarmed           |    94 |    27 ||   121
       Punch             |     2 |       ||     2
  Use: Scroll            |     1 |       ||     1
       Potion            |       |     2 ||     2
Armor: Leather armour    |     6 |       ||     6
       Scale mail        |    28 |    12 ||    40
Dodge: Dodged            |    35 |     7 ||    42
